 Dungeon Crawl Stone Soup version 0.27-a0-1513-g2aaa0cc67b (webtiles) character file.

Game seed: 10035516658511127247

51 Demosthentine the Poker (level 3, 0/28 HPs)
             Began as a Merfolk Gladiator on July 9, 2021.
             Slain by a goblin (4 damage)
             ... led by Robin
             ... on level 2 of the Dungeon.
             The game lasted 00:01:19 (1700 turns).

Demosthentine the Poker (Merfolk Gladiator)         Turns: 1700, Time: 00:01:20

Health: 0/28       AC:  4    Str: 15    XL:     3   Next: 83%
Magic:  3/3        EV: 13    Int:  7    God:
Gold:   28         SH:  5    Dex: 15    Spells: 2/2 levels left

rFire    . . .     SeeInvis .   a - +0 trident
rCold    . . .     Faith    .   (no shield)
rNeg     . . .     Spirit   .   b - +0 leather armour
rPois    .         Reflect  +   c - +0 helmet
rElec    .         Harm     .   (no cloak)
rCorr    .         Rampage  .   (no gloves)
Will     .....                  (no boots)
Stlth    +.........             h - amulet of reflection
HPRegen  0.09/turn              (no ring)
MPRegen  0.08/turn              (no ring)

@: no status effects
A: (nimble swimmer 2), mertail
a: no special abilities


You were on level 2 of the Dungeon.
You visited 1 branch of the dungeon, and saw 2 of its levels.

You collected 28 gold pieces.

Inventory:

Hand Weapons
 a - a +0 trident (weapon)
Missiles
 d - 3 throwing nets (quivered)
Armour
 b - a +0 leather armour (worn)
 c - a +0 helmet (worn)
Jewellery
 h - an amulet of reflection (around neck)
Potions
 e - a potion of might {unknown}
 g - a potion of haste {unknown}


   Skills:
 + Level 2.9 Fighting
 + Level 5.1 Polearms
 - Level 2.0 Throwing
 + Level 1.0 Armour
 + Level 4.5 Dodging


You had 2 spell levels left.
You didn't know any spells.
Your spell library was empty.

Dungeon Overview and Level Annotations

Branches:
Dungeon (2/15)

Altars:

Annotations:
D:2 Robin


Innate Abilities, Weirdness & Mutations

((You are quick and stealthy near water. (Stealth+, EV+, Speed+++)))
Your lower body shifts to a powerful aquatic tail in water.


Message History

There are monsters nearby!
You reach to attack!
You closely miss the goblin. Robin throws the goblin at you!
You puncture the goblin!
You kill the goblin!
You miss the goblin. The goblin hits you but does no damage.
The goblin misses you.
There are monsters nearby!
There are monsters nearby!
Unknown command.
Robin throws the goblin at you! You block the goblin's attack.
You barely miss the goblin. The goblin hits you with a +0 dagger.
You barely miss the goblin. The goblin closely misses you.
You puncture the goblin!
You kill the goblin!
You barely miss the goblin. The goblin hits you with a +0 club.
Robin throws the goblin at you!
You barely miss the goblin. You block the goblin's attack.
The goblin misses you.
Robin roars a battlecry!
The goblins go into a battle-frenzy!
You barely miss the goblin. The goblin barely misses you.
You block the goblin's attack.
You hit the goblin.
The goblin is severely wounded.
You block the goblin's attack. The goblin hits you with a +0 club.
You barely miss the goblin. The goblin barely misses you. x2
You closely miss the goblin. The goblin hits you with a +0 club.
The goblin closely misses you.
You closely miss the goblin. The goblin misses you.
The goblin hits you with a +0 club.
* * * LOW HITPOINT WARNING * * *
You miss the goblin. The goblin hits you but does no damage.
The goblin hits you with a +0 club.
* * * LOW HITPOINT WARNING * * *
Robin says, "Feeling lonely?"
Unknown command.
You closely miss the goblin. The goblin hits you but does no damage.
You block the goblin's attack. The goblin hits you with a +0 club.
You die...

........ .......
...g.# ...g# #..g#
######## #...#
#<...... #.g.#
#....#
#.gg###...(#
#gggg@g....+
#.#####....# #.
#....#
#######....#
#.......####
#.......#
#.......#
########..†..###
.##+#...#.##.....#


You could see Robin, a hobgoblin (strong) and 6 goblins.

Vanquished Creatures
  An adder skeleton (D:2)
  3 dart slugs (D:1)
  3 ball pythons
  A giant cockroach (D:1)
  5 hobgoblins
  7 jackals (D:1)
  3 kobolds
  2 quokkas (D:1)
  4 bats
  A frilled lizard (D:1)
  5 goblins
  5 rats (D:1)
40 creatures vanquished.

Notes
Turn   | Place    | Note
-------+----------+-------------------------------------------
     0 | D:1      | Demosthentine the Merfolk Gladiator began the quest for the
                  | Orb.
     0 | D:1      | Reached XP level 1. HP: 16/16 MP: 1/1
    99 | D:1      | Reached XP level 2. HP: 17/23 MP: 2/2
  1068 | D:1      | Reached XP level 3. HP: 25/28 MP: 3/3
  1252 | D:1      | Reached skill level 5 in Polearms
  1651 | D:2      | Reached skill level 1 in Armour
  1683 | D:2      | Noticed Robin
  1700 | D:2      | Slain by a goblin

Illustrated notes

Levels and vault maps discovered:
D:1:      lightli_arrival_flooded_house, layout_basic,
          chequers_serial_rivers_micro_a
D:2:      layout_basic, ebering_ecumenical_altar_mist, kennysheep_pointless_box,
          uniq_crazy_yiuf_cottage, uniq_robin

Skill      XL: |  1  2  3 |
---------------+----------+-----
Polearms       | 5 |  5.1
Armour         | 1 |  1.0
Fighting       | |  2.9
Throwing       | |  2.0
Dodging        | |  4.5

Action                   || total
-------------------------++-------
Melee: Trident           ||   125
  Use: Scroll            ||     1
 Stab: Sleeping          ||     4
Armor: Leather armour    ||    32
Dodge: Dodged            ||    87
Block: Other             ||     9

Table legend: (Time is in decaauts)
 A = Elapsed time spent in this place.
 B = Non-inter-level travel time spent in this place.
 C = Inter-level travel time spent in this place.
 D = Time resting spent in this place.
 E = Time spent auto-exploring this place.
 F = Levels seen in this place.
 G = Mean time per level.
                   A        B        C        D        E       F      G
               +--------+--------+--------+--------+--------+-----+--------+
         Total |   1703 |   1658 |     45 |      0 |   1447 |   2 |  851.5 |
       Dungeon |   1703 |   1658 |     45 |      0 |   1447 |   2 |  851.5 |
               +--------+--------+--------+--------+--------+-----+--------+

Top non-repeatable levels by time:
     D:1: 1634 daAuts
     D:2: 68 daAuts
